 Seeded DCSS version 0.29.1-12-g30fa7ad0bf (webtiles) character file.

Game seed: 18334199546629406935 (custom seed)

25 mathmaestro the Grave Robber (level 2, -7/20 HPs)
             Began as a Demonspawn Necromancer on Dec 16, 2022.
             Mangled by a gnoll
             ... wielding a +4 flail of protection
              (9 damage)
             ... on level 2 of the Dungeon.
             The game lasted 00:02:46 (1556 turns).

mathmaestro the Grave Robber (DsNe)                 Turns: 1556, Time: 00:02:47

Health: -7/20      AC:  4    Str: 14    XL:     2   Next: 86%
Magic:  0/5        EV: 12    Int: 16    God:
Gold:   37         SH:  0    Dex: 13    Spells: 4/5 levels left

rFire   . . .      SeeInvis .   j - +4 whip
rCold   . . .      Faith    .   (no shield)
rNeg    . . .      Spirit   .   a - +0 robe
rPois   .          Reflect  .   (no helmet)
rElec   .          Harm     .   (no cloak)
rCorr   .          Rampage  .   l - +0 pair of gloves
Will    .....                   (no boots)
Stlth   ++........              (no amulet)
HPRegen 0.06/turn               g - +6 ring of strength
MPRegen 0.09/turn               o - ring of flight

@: flying
A: rugged brown scales 1
a: no special abilities


You were on level 2 of the Dungeon.
You visited 1 branch of the dungeon, and saw 2 of its levels.

You collected 37 gold pieces.

Inventory:

Hand Weapons
 j - a +4 whip (weapon)
Armour
 a - a +0 robe (worn)
 l - a +0 pair of gloves (worn)
Jewellery
 g - a +6 ring of strength (left hand)
 o - a ring of flight (right hand)
Scrolls
 e - 2 scrolls of identify {unknown}
 f - a scroll of immolation {unknown}
 k - 2 scrolls of teleportation {unknown}
 n - a scroll of poison {unknown}
 p - a scroll of magic mapping {unknown}
 q - a scroll of fog {unknown}
Potions
 b - a potion of magic
 c - a potion of curing {unknown}
 d - 2 potions of attraction {unknown}
 h - 2 potions of haste {unknown}
 i - 2 potions of might {unknown}
 m - a potion of flight {unknown}


   Skills:
 + Level 0.6 Fighting
 + Level 0.9 Armour
 + Level 2.0 Dodging
 + Level 2.1 Stealth
 + Level 2.2 Spellcasting
 + Level 4.5 Necromancy


You had 4 spell levels left.
You knew the following spells:

 Your Spells              Type           Power      Damage    Failure   Level
a - Necrotise             Necr           64%        1d7       3%          1

Your spell library contained the following spells:

 Spells                   Type           Power      Damage    Failure   Level
 Vampiric Draining        Necr           16%        2d7       10%         3
 Slow                     Hex            4%         N/A       21%         1
 Animate Dead             Necr           16%        N/A       30%         4
 Confusing Touch          Hex            1%         N/A       52%         3
 Agony                    Necr           16%        N/A       65%         5


Dungeon Overview and Level Annotations

Branches:
Dungeon (2/15)

Altars:


Innate Abilities, Weirdness & Mutations

You are partially covered in rugged brown scales. (AC +1, +3% HP)


Message History

You kill the rat!
The dead are walking!
Unknown command.
You reach down and open the door.
The bat closely misses you.
There is an open door here.
The bat barely misses you.
Casting: Necrotise (safe; 3% risk of failure)
Confirm with . or Enter, or press ? or * to list all spells.
Aiming: Necrotise (safe; 3% risk of failure)
Press: ? - help, Shift-Dir - straight line, f/p - bat
Aim: a bat (severely wounded, chance to affect: 86%)
The bat writhes in agony.
You kill the bat!
The dead are flying!
Unknown command.
You closely miss the gnoll.
Your bat skeleton hits the gnoll.
The gnoll hits you with a +4 flail of protection!
Ouch! That really hurt!
Your bat skeleton hits the gnoll but does no damage.
The gnoll hits you with a +4 flail of protection.
* * * LOW HITPOINT WARNING * * *
Your bat skeleton hits the gnoll but does no damage. x2
Your bat skeleton hits the gnoll but does no damage.
Your bat skeleton barely misses the gnoll.
You hit the gnoll.
The gnoll is heavily wounded.
Your bat skeleton hits the gnoll but does no damage. x2
The gnoll hits you with a +4 flail of protection.
* * * LOW HITPOINT WARNING * * *
Okay, then.
You hit the gnoll but do no damage.
The gnoll is heavily wounded.
Your bat skeleton hits the gnoll but does no damage. x3
The gnoll closely misses your bat skeleton.
You hit the gnoll but do no damage.
The gnoll is heavily wounded.
Your bat skeleton barely misses the gnoll.
Your bat skeleton hits the gnoll but does no damage. x2
The gnoll hits you with a +4 flail of protection!
You die...

#.# #.# #.######## ######
#.#......# .....# #.#......#
.....# ##### #.#...>..# .....#
#...# #.#......#
.....#########...#######.#......#
.....'.......'Zg@+.........>.....
.....#####...#Z..#####.#.##'#####
<....# #...#.................##
###### #...#....############...
#......### ###. #.....## ##
####.## # #..# #.##


You could see a gnoll (ally target), a friendly bat skeleton and a friendly rat
skeleton.

Vanquished Creatures
  3 endoplasms
  A giant cockroach (D:1)
  2 hobgoblins (D:1)
  2 quokkas
  4 ball pythons
  4 bats
  3 kobolds (D:1)
  5 rats
24 creatures vanquished.

Vanquished Creatures (collateral kills)
  A rat (D:2)
1 creature vanquished.

Grand Total: 25 creatures vanquished

Notes
Turn   | Place    | Note
-------+----------+-------------------------------------------
     0 | D:1      | mathmaestro the Demonspawn Necromancer began the quest for
                  | the Orb.
     0 | D:1      | Reached XP level 1. HP: 13/13 MP: 3/3
   570 | D:1      | Gained mutation: You are partially covered in rugged brown
                  | scales. (AC +1, +3% HP) [demonic ancestry]
   570 | D:1      | Reached XP level 2. HP: 13/19 MP: 5/5
  1556 | D:2      | Mangled by a gnoll

Illustrated notes

Levels and vault maps discovered:
D:1:      shiori_shiawase, layout_loops_ring, st_stairs_7
D:2:      layout_basic, minmay_large_rounded_square

Skill      XL: |  1  2 |
---------------+-------+-----
Dodging        | 2 |  2.0
Stealth        | 2 |  2.1
Fighting       | |  0.6
Armour         | |  0.9
Spellcasting   | |  2.2
Necromancy     | |  4.5

Action                   || total
-------------------------++-------
Melee: Whip              ||    26
 Cast: Necrotise         ||    39
Armor: Robe              ||     8
Dodge: Dodged            ||    28
